 Dungeon Crawl Stone Soup version 0.24.0-29-g8ce449bc06 (webtiles) character file.

Game seed: 6595847421890669987, levelgen mode: deterministic

37 Esekla the Grave Robber (level 3, -3/26 HPs)
             Began as a Demonspawn Wanderer on Nov 16, 2019.
             Slain by a wight
             ... wielding a cursed +0 dagger
              (5 damage)
             ... on level 6 of the Dungeon.
             The game lasted 00:10:19 (1664 turns).

Esekla the Grave Robber (Demonspawn Wanderer)       Turns: 1664, Time: 00:10:20

Health: -3/26      AC:  2    Str:  9    XL:     3   Next: 23%
Magic:  6/6        EV: 11    Int: 16    God:
Gold:   99         SH:  0    Dex: 15    Spells: 6/6 levels left

rFire    . . .     SeeInvis .   a - +2 dagger
rCold    . . .     Gourm    .   (no shield)
rNeg     . . .     Faith    .   e - +0 robe
rPois    .         Spirit   .   (no helmet)
rElec    .         Reflect  .   (no cloak)
rCorr    .         Harm     .   (no gloves)
MR       .....                  (no boots)
Stlth    +++.......             (no amulet)
HPRegen  0.08/turn              (no ring)
MPRegen  0.10/turn              (no ring)

@: lightly drained
A: thin skeletal structure 1, powered by pain 1
a: no special abilities


You were on level 6 of the Dungeon.
You were not hungry.

You visited 1 branch of the dungeon, and saw 4 of its levels.

You collected 99 gold pieces.

Inventory:

Hand Weapons
 a - a +2 dagger (weapon)
 d - a +0 quarterstaff
 k - a cursed -2 spear
Armour
 e - a +0 robe (worn)
Scrolls
 h - a scroll of immolation
 j - a scroll of magic mapping {unknown}
 l - a scroll of remove curse
 m - a scroll of enchant weapon {unknown}
 n - a scroll of identify
 o - a scroll of teleportation {unknown}
Potions
 b - a potion of haste
 g - 2 potions of heal wounds
 i - a potion of berserk rage {unknown}
 p - a potion of curing {unknown}
Comestibles
 f - 2 rations


   Skills:
 + Level 1.2(0.9) Fighting
 * Level 1.1(0.8) Short Blades
 - Level 1.0(0.7) Staves
 - Level 1.0(0.7) Throwing
 + Level 0.2(0.0) Dodging
 + Level 2.5(2.2) Stealth
 + Level 2.4(2.1) Spellcasting
   Level 3.2(2.9) Necromancy


You had 6 spell levels left.
You didn't know any spells.
Your spell library was empty.

Dungeon Overview and Level Annotations

Branches:
Dungeon (3/15)

Altars:

Annotations:
D:2 Sigmund


Innate Abilities, Weirdness & Mutations

You have a somewhat thin skeletal structure. (Dex +2, Stealth)
You sometimes gain a little power by taking damage.


Message History

The wight hits you but does no damage.
You hit the wight but do no damage.
The wight is heavily damaged.
The wight hits you but does no damage. x3
You hit the wight but do no damage.
The wight is heavily damaged.
The wight hits you but does no damage.
The wight hits you with a +5 short sword.
The wight hits you but does no damage.
You hit the wight but do no damage.
The wight is heavily damaged.
You feel less wooden.
Your +0 robe unmelds from your body.
The wight hits you with a +5 short sword!
The wight hits you with a +0 long sword!
* * * LOW HITPOINT WARNING * * *
You feel drained.
* * * LOW HITPOINT WARNING * * *
The wight hits you with a cursed +0 dagger.
You die...

...#
####....#
#..#O...#
#..+....#
#..# ##..#
#...###+#
#^...zz.#
##..##@.#
#..##z.#
#..##..#
#..##..#
#.......
#........
#........
##########


You could see 3 wights.

Vanquished Creatures
  An ooze (D:3)
  2 dart slugs
  A leopard gecko (D:2)
  A bat (D:1)
  3 giant cockroaches
  4 goblins
  4 hobgoblins
  A quokka (D:3)
  5 frilled lizards
  3 kobolds
  2 rats (D:1)
27 creatures vanquished.

Notes
Turn   | Place    | Note
-------+----------+-------------------------------------------
     0 | D:1      | Esekla the Demonspawn Wanderer began the quest for the Orb.
     0 | D:1      | Esekla set off with the following items: a +2 dagger, a
                  | potion of haste, a potion of lignification, a +0
                  | quarterstaff, a +0 robe, a ration
     0 | D:1      | Reached XP level 1. HP: 15/15 MP: 3/3
   366 | D:1      | Gained mutation: You sometimes gain a little power by
                  | taking damage. [demonic ancestry]
   366 | D:1      | Reached XP level 2. HP: 11/21 MP: 5/5
  1274 | D:2      | Noticed Sigmund
  1361 | D:2      | Reached skill level 1 in Short Blades
  1370 | D:2      | Gained mutation: You have a somewhat thin skeletal
                  | structure. (Dex +2, Stealth) [demonic ancestry]
  1370 | D:2      | Reached XP level 3. HP: 9/26 MP: 6/6
  1620 | D:3      | You fall into a shaft and drop 3 floors!
  1624 | D:6      | Noticed a two-headed ogre
  1664 | D:6      | Slain by a wight

Levels and vault maps discovered:
D:1:      dpeg_arrival_arbitrary_c, layout_loops_corners, bh_walls_and_bars
D:2:      layout_basic, chequers_temple_overflow_statue_of_worship, uniq_sigmund
D:3:      layout_rooms
D:6:      layout_gridville, hangedman_abyss_or_decor_stabs, roderic_batcave,
          minivault_11, uniq_prince_ribbit1, uniq_blork_the_orc

Skill      XL: |  1  2 |
---------------+-------+-----
Stealth        | 2 |  2.5
Short Blades   | 1 |  1.1
Fighting       | |  1.2
Staves         | |  1.0
Throwing       | |  1.0
Dodging        | |  0.2
Spellcasting   | |  2.4
Necromancy     | |  3.2

Action                   || total
-------------------------++-------
Melee: Dagger            ||   131
  Use: Scroll            ||     3
       Potion            ||     1
 Stab: Sleeping          ||     4
  Eat: Chunk             ||     2
Armor: Robe              ||    18
       Skin              ||    31
Dodge: Dodged            ||    54
